 Dungeon Crawl Stone Soup version 0.32-a0-685-g93135e86f0 (webtiles) character file.

Game seed: 7994735010996469743

121 Shayle the Apothecary (level 5, -3/58 HPs)
             Began as a Coglin Alchemist on Mar 13, 2024.
             Slain by Sigmund
             ... wielding a +0 scythe
              (8 damage)
             ... on level 3 of the Dungeon.
             The game lasted 00:09:12 (2115 turns).

Shayle the Apothecary (Coglin Alchemist)            Turns: 2115, Time: 00:09:12

Health: -3/58      AC:  2    Str:  8    XL:     5   Next: 5%
Magic:  7/7        EV: 12    Int: 15    God:
Gold:   150        SH:  0    Dex: 16    Spells: 3/7 levels left

rFire   . . .        p - +0 sling {Aida}
rCold   . . .        q - +2 hand axe (heavy) {Jia}
rNeg    . . .        a - +0 robe
rPois   .            (no helmet)
rElec   .            (no cloak)
rCorr   .            (no gloves)
SInv    .            (no boots)
Will    +....        (amulet unavailable) Stlth
                     (ring unavailable)
HPRegen 0.29/turn    (ring unavailable)
MPRegen 0.10/turn    (no gizmo)

%: no passive effects
@: berserking, enlightened, flying, revved, very quick
A: off-hand wielding, slow wielding, warmup strikes, no jewellery
a: Invent Gizmo


You were on level 3 of the Dungeon.
You visited 1 branch of the dungeon, and saw 3 of its levels.

You collected 150 gold pieces.

Inventory:

Hand Weapons
 d - a +0 dagger {Esteban}
 e - a +0 dagger {Li}
 p - a +0 sling (weapon) {Aida}
 q - a +2 heavy hand axe (offhand) {Jia}
Armour
 a - a +0 robe (worn)
Scrolls
 j - a scroll of fog
Potions
 b - a potion of magic
 f - a potion of might {unknown}
 l - a potion of resistance {unknown}
 m - a potion of mutation {unknown}
 o - a potion of attraction {unknown}


   Skills:
 + Level 2.4 Fighting
 + Level 2.2 Ranged Weapons
 - Level 1.7 Dodging
 - Level 1.5 Stealth
 - Level 1.7 Spellcasting
 + Level 1.7 Conjurations
 + Level 1.2 Air Magic
 - Level 3.2 Alchemy


You had 3 spell levels left.
You knew the following spells:

 Your Spells              Type           Power      Damage    Failure   Level
a - Sting                 Conj/Alch      32%        1d5       9%          1
b - Mephitic Cloud        Conj/Alch/Air  7%         N/A       28%         3

Your spell library contained the following spells:

 Spells                   Type           Power      Damage    Failure   Level
 Mercury Vapours          Alch/Air       16%        N/A       14%         2
 Momentum Strike          Conj/Tloc      6%         3d8       24%         2
 Blink                    Tloc           2%         N/A       34%         2
 Lesser Beckoning         Tloc           2%         N/A       34%         2
 Olgreb's Toxic Radiance  Alch           11%        N/A       52%         4
 Sticky Flame             Fire/Alch      6%         2d4       75%         4


Dungeon Overview and Level Annotations

Branches:
Dungeon (3/15)

Altars:
Fedhas
Trog

Annotations:
D:3 Sigmund


Innate Abilities, Weirdness & Mutations

You can wield a second weapon in your off-hand.
It takes a long time for you to wield or remove held weapons.
Your first few attacks do less damage.
You cannot equip rings or amulets.


Message History

Sigmund barely misses you. The rat closely misses you.
You hit the rat with your +2 heavy hand axe.
You kill the rat!
Sigmund completely misses you.
You bump into the rock wall.
It was a potion of enlightenment.
You feel very buoyant.
You fly up into the air.
You feel less confused.
Sigmund zaps a wand.
The puff of flame hits you!
* * * LOW HITPOINT WARNING * * *
Sigmund zaps a wand.
The puff of flame hits you.
* * * LOW HITPOINT WARNING * * *
A red film seems to cover your vision as you go berserk!
You feel yourself moving faster!
You feel mighty! Sigmund hits you with a +0 scythe.
* * * LOW HITPOINT WARNING * * *
You closely miss Sigmund with your +2 heavy hand axe.
You barely miss Sigmund with your +0 sling.
Sigmund misses you.
You closely miss Sigmund with your +0 sling.
You hit Sigmund with your +2 heavy hand axe.
Sigmund screams, "I am the angel of ZOT!!!"
Sigmund barely misses you.
You clumsily bash Sigmund but do no damage.
Sigmund is lightly wounded.
You barely miss Sigmund with your +2 heavy hand axe.
You slash Sigmund with your +2 heavy hand axe!
Sigmund is severely wounded.
You closely miss Sigmund with your +0 sling.
Sigmund gestures wildly while chanting.
Sigmund flickers and vanishes!
Deactivating autopickup; reactivate with Ctrl-A.
You barely miss something with your +0 sling.
You miss something with your +2 heavy hand axe.
Something barely misses you.
You closely miss something with your +0 sling.
You miss something with your +2 heavy hand axe.
Something hits you!
You die...

#...#..#
##.# #..
#..##.####
.. ##.
#...)....#
#.# #.
#........#
.. #
#........#
#
#..##.####
....
#..##.#
.....
#...#.#
#..##
#.#..@#
##.
.......{.#
#
####.....#
#......
####..##
#..# #..#
....


There were no monsters in sight!

Vanquished Creatures
  Terence (D:3)
  4 adders (D:2)
  3 dart slugs (D:1)
  2 ribbon worms (D:2)
  An orc (D:3)
  A bat (D:1)
  8 endoplasms
  2 giant cockroaches (D:2)
  5 goblins
  6 hobgoblins
  5 ball pythons
  4 frilled lizards
  3 kobolds
  10 rats
55 creatures vanquished.

Notes
Turn   | Place    | Note
-------+----------+-------------------------------------------
     0 | D:1      | Shayle the Coglin Alchemist began the quest for the Orb.
     0 | D:1      | Reached XP level 1. HP: 13/13 MP: 3/3
   165 | D:1      | Reached skill level 1 in Fighting
   165 | D:1      | Reached XP level 2. HP: 21/21 MP: 1/4
   234 | D:1      | Reached skill level 1 in Ranged Weapons
   710 | D:1      | Reached XP level 3. HP: 26/26 MP: 3/5
   822 | D:1      | Found a blossoming altar of Fedhas.
   954 | D:2      | Learned a level 3 spell: Mephitic Cloud
  1089 | D:2      | Reached skill level 1 in Conjurations
  1367 | D:2      | Reached XP level 4. HP: 21/33 MP: 2/6
  1592 | D:2      | Reached skill level 1 in Air Magic
  1909 | D:3      | Found a bloodstained altar of Trog.
  2045 | D:3      | Noticed Terence
  2065 | D:3      | Killed Terence
  2066 | D:3      | Reached XP level 5. HP: 3/39 MP: 7/7
  2100 | D:3      | Noticed Sigmund
  2115 | D:3      | Slain by Sigmund

Illustrated notes

Levels and vault maps discovered:
D:1:      dpeg_arrival_water_altar, layout_rooms
D:2:      layout_loops_ring
D:3:      layout_rooms, lemuel_tele_altar, lightli_sewer_entry_pipes,
          uniq_terence, uniq_sigmund

Skill      XL: |  1  2  3  4 |
---------------+-------------+-----
Fighting       | 1 2 |  2.4
Ranged Weapons | 1 2 |  2.2
Conjurations   | 1 |  1.7
Air Magic      | 1 |  1.2
Dodging        | |  1.7
Stealth        | |  1.5
Spellcasting   | |  1.7
Alchemy        | |  3.2

Action                     |  1- 3 |  4- 6 || total
---------------------------+-------+-------++-------
  Melee: Unarmed           |     6 |       ||     6
         Dagger            |    43 |    44 ||    87
         Hand axe          |       |     8 ||     8
         Sling             |       |     7 ||     7
   Fire: Sling             |       |    26 ||    26
   Cast: Sting             |    45 |    17 ||    62
    Use: Scroll            |       |     4 ||     4
         Potion            |       |     3 ||     3
   Stab: Sleeping          |     3 |     1 ||     4
 Armour: Robe              |    21 |    43 ||    64
  Dodge: Dodged            |    22 |    35 ||    57

Table legend: (Time is in decaauts)
 A = Elapsed time spent in this place.
 B = Non-inter-level travel time spent in this place.
 C = Inter-level travel time spent in this place.
 D = Time resting spent in this place.
 E = Time spent auto-exploring this place.
 F = Levels seen in this place.
 G = Mean time per level.
                   A        B        C        D        E       F      G
               +--------+--------+--------+--------+--------+-----+--------+
         Total |   2126 |   2088 |     38 |    122 |   1358 |   3 |  708.7 |
       Dungeon |   2126 |   2088 |     38 |    122 |   1358 |   3 |  708.7 |
               +--------+--------+--------+--------+--------+-----+--------+

Top non-repeatable levels by time:
     D:2: 1007 daAuts
     D:1: 844 daAuts
     D:3: 274 daAuts
